 Dungeon Crawl Stone Soup version 0.31-a0-216-g22e908daa7 (webtiles) character file.

Game seed: 4152629494612017682

63 qw the Shooter (level 3, -8/29 HPs)
             Began as a Minotaur Hexslinger on July 1, 2023.
             Killed by nerve-wracking pain
             ... invoked by Grinder
              (14 damage)
             ... on level 3 of the Dungeon.
             The game lasted 00:00:50 (2351 turns).

qw the Shooter (Minotaur Hexslinger)                Turns: 2351, Time: 00:00:50

Health: -8/29      AC:  5    Str: 11 (12) XL:     3   Next: 89%
Magic:  3/3        EV: 11    Int:  9 (10) God:
Gold:   135        SH:  0    Dex: 17 (20) Spells: 3/4 levels left

rFire   . . .        Y - +1 sling
rCold   . . .        (no shield)
rNeg    . . .        i - +0 ring mail
rPois   .            (helmet restricted)
rElec   .            (no cloak)
rCorr   +            (no gloves)
SInv    .            (no boots)
Will    .....        (no amulet)
Stlth   +            m - +6 ring of dexterity
HPRegen 0.24/turn    o - ring of resist corrosion
MPRegen 0.08/turn

%: no passive effects
@: about to teleport
A: horns 2, retaliatory headbutt
a: no special abilities


You were on level 3 of the Dungeon.
You visited 1 branch of the dungeon, and saw 3 of its levels.

You collected 135 gold pieces.


Innate Abilities, Weirdness & Mutations

You have a pair of horns on your head.
You reflexively headbutt those who attack you in melee.


   Skills:
 - Level 2.0 Fighting
 + Level 4.1 Ranged Weapons
 - Level 1.2 Armour
 - Level 2.1 Dodging
 - Level 1.0 Spellcasting
 - Level 2.0 Hexes


You had 3 spell levels left.
You knew the following spells:

 Your Spells              Type           Power      Damage    Failure   Level
a - Slow                  Hex            16%        N/A       36%         1

Your spell library contained the following spells:

 Spells                   Type           Power      Damage    Failure   Level
 Inner Flame              Hex/Fire       2%         N/A       86%         3
 Portal Projectile        Hex/Tloc       4%         N/A       86%         3
 Cause Fear               Hex            2%         N/A       98%         4

Inventory:

Hand Weapons
 Y - a +1 sling (weapon)
Armour
 i - a +0 ring mail (worn)
Jewellery
 m - a +6 ring of dexterity (left hand)
 o - a ring of resist corrosion (right hand)
Potions
 c - a potion of resistance {unknown}
 d - 2 potions of curing
 e - a potion of enlightenment {unknown}
 f - a potion of brilliance {unknown}
 g - a potion of haste
 h - a potion of attraction {unknown}
 j - a potion of heal wounds
 n - a potion of ambrosia {unknown}

Dungeon Overview and Level Annotations

Branches:
Dungeon (3/15)

Altars:
The Shining One

Annotations:
D:3 Grinder


Message History

Enter note:
Enter note:
Enter note: Grinder comes into view.
Grinder shouts!
Enter note:
Enter note:
Enter note:
Enter note:
Enter note:
Enter note: You shoot a sling bullet.
The sling bullet hits Grinder.
Grinder is lightly wounded.
Grinder hits you but does no damage. Grinder gestures at you.
You suddenly lose the ability to move!
Grinder hits you. x2
You writhe in agony.
Grinder hits you.
You writhe in agony.
Grinder hits you but does no damage.
You can move again.
You shoot a sling bullet. The sling bullet hits Grinder!
Grinder is moderately wounded.
Grinder drinks a potion.
Grinder seems to speed up.
You shoot a sling bullet.
The sling bullet closely misses Grinder.
Grinder closely misses you. Grinder hits you but does no damage.
You shoot a sling bullet.
The sling bullet completely misses Grinder.
Grinder gestures at you.
You shrug off the repeated paralysis!
Grinder closely misses you.
You shoot a sling bullet. The sling bullet hits Grinder!
Grinder is heavily wounded.
Grinder hits you.
You writhe in agony.
Grinder hits you.
2351 ||| READING scroll of teleportation.
As you read the scroll of teleportation, it crumbles to dust.
You feel strangely unstable. Grinder gestures at you.
Pain shoots through your body!
You die...

##.......## ..#
#.........### ...
+.........'.. #.#
#.........### ..#
###....K..## #.#.#
##.....##
#.###.#.#####...######
#...5.....# ##........
#@# #.# #.######. #.#
#.# #.######.
#.###.####.##.....
#......##...#.###.
#.#####..#......# #.
#........##...#.###.
########.###........
#.###.##.####
#........#


You could see Grinder (fast).

Vanquished Creatures
  2 adders (D:3)
  3 dart slugs
  5 bats
  3 endoplasms (D:2)
  3 giant cockroaches
  3 goblins
  3 hobgoblins (D:1)
  2 jackals (D:2)
  3 kobolds (D:3)
  2 quokkas
  2 ball pythons
  3 frilled lizards (D:2)
  4 rats
38 creatures vanquished.

Notes
Turn   | Place    | Note
-------+----------+-------------------------------------------
     0 | D:1      | qw the Minotaur Hexslinger began the quest for the Orb.
     0 | D:1      | Reached XP level 1. HP: 16/16 MP: 1/1
     0 | D:1      | 0 ||| qw: Version: 0.3-a-35-g05ef00e
     0 | D:1      | 0 ||| qw: Game counter: 7736
     0 | D:1      | 0 ||| qw: Melee chars always use a shield: true
     0 | D:1      | 0 ||| qw: God list: Okawaru
     0 | D:1      | 0 ||| qw: Allow faded altars: false
     0 | D:1      | 0 ||| qw: Do Orc after clearing Dungeon:15 true
     0 | D:1      | 0 ||| qw: Do second Lair branch before Depths: true
     0 | D:1      | 0 ||| qw: Lair rune preference: random
     0 | D:1      | 0 ||| qw: Goals: Normal
     0 | D:1      | 0 ||| PLANNING D:1-11
   328 | D:1      | Found a faded altar of an unknown god.
   403 | D:1      | Reached skill level 3 in Ranged Weapons
   449 | D:1      | Reached XP level 2. HP: 23/23 MP: 2/2
   914 | D:1      | 914 ||| UPGRADING to +0 ring mail.
   924 | D:1      | 924 ||| DROPPING +0 robe.
   925 | D:1      | 925 ||| READING scroll labelled VOMMOY TORUA.
   926 | D:1      | 926 ||| DRINKING 2 puce potions.
   927 | D:1      | 927 ||| DRINKING 2 clear potions.
   928 | D:1      | 928 ||| DROPPING scroll of poison.
   929 | D:1      | 929 ||| DROPPING potion of degeneration.
  1332 | D:2      | Reached XP level 3. HP: 28/29 MP: 3/3
  1597 | D:2      | 1597 ||| READING 2 scrolls labelled BECKOI YZYIB.
  1601 | D:2      | 1601 ||| READING scroll labelled ZONEAL YLUSCHO.
  1602 | D:2      | 1602 ||| DRINKING 2 grey potions.
  1712 | D:3      | Reached skill level 4 in Ranged Weapons
  1849 | D:3      | Reached skill level 1 in Armour
  2091 | D:3      | Found a glowing golden altar of the Shining One.
  2165 | D:3      | 2165 ||| FLEEEEING.
  2166 | D:3      | 2166 ||| FLEEEEING.
  2174 | D:3      | 2174 ||| FLEEEEING.
  2175 | D:3      | 2175 ||| FLEEEEING.
  2176 | D:3      | 2176 ||| FLEEEEING.
  2177 | D:3      | 2177 ||| FLEEEEING.
  2178 | D:3      | 2178 ||| FLEEEEING.
  2179 | D:3      | 2179 ||| FLEEEEING.
  2180 | D:3      | 2180 ||| FLEEEEING.
  2181 | D:3      | 2181 ||| FLEEEEING.
  2182 | D:3      | 2182 ||| FLEEEEING.
  2183 | D:3      | 2183 ||| FLEEEEING.
  2185 | D:3      | 2185 ||| FLEEEEING.
  2186 | D:3      | 2186 ||| FLEEEEING.
  2187 | D:3      | 2187 ||| FLEEEEING.
  2188 | D:3      | 2188 ||| FLEEEEING.
  2189 | D:3      | 2189 ||| FLEEEEING.
  2190 | D:3      | 2190 ||| FLEEEEING.
  2191 | D:3      | 2191 ||| FLEEEEING.
  2192 | D:3      | 2192 ||| FLEEEEING.
  2193 | D:3      | 2193 ||| FLEEEEING.
  2194 | D:3      | 2194 ||| FLEEEEING.
  2195 | D:3      | 2195 ||| FLEEEEING.
  2196 | D:3      | 2196 ||| FLEEEEING.
  2197 | D:3      | 2197 ||| FLEEEEING.
  2201 | D:3      | 2201 ||| FLEEEEING.
  2202 | D:3      | 2202 ||| FLEEEEING.
  2203 | D:3      | 2203 ||| FLEEEEING.
  2206 | D:3      | 2206 ||| STAIRDANCE
  2249 | D:2      | 2249 ||| UPGRADING to +6 ring of dexterity.
  2250 | D:2      | 2250 ||| UPGRADING to ring of resist corrosion.
  2251 | D:2      | 2251 ||| READING scroll labelled GUZIRIDGH VIEZO.
  2304 | D:2      | 2304 ||| READING scroll labelled WUROEJ RENKIEG.
  2305 | D:2      | 2305 ||| READING scroll labelled KUURPH WAIHA.
  2341 | D:3      | Noticed Grinder
  2342 | D:3      | Paralysed by Grinder for 5 turns
  2350 | D:3      | HP: 5/29 [Grinder (5)]
  2351 | D:3      | 2351 ||| READING scroll of teleportation.
  2351 | D:3      | Killed from afar by Grinder

Levels and vault maps discovered:
D:1:      dpeg_arrival_rhombi, layout_basic, basic_ecumenical_altar
D:2:      layout_loops_cross, minmay_split_cup_small
D:3:      layout_loops_corners, mainiacjoe_overflow_alcove_2,
          kennysheep_generic_room_8, uniq_grinder

Skill      XL: |  1  2  3 |
---------------+----------+-----
Ranged Weapons | 3 4 |  4.1
Fighting       | 2 |  2.0
Armour         | 1 |  1.2
Dodging        | |  2.1
Spellcasting   | |  1.0
Hexes          | |  2.0

Action                     || total
---------------------------++-------
   Fire: Sling             ||   133
    Use: Potion            ||     3
         Scroll            ||     7
 Armour: Robe              ||     7
         Ring mail         ||    25
  Dodge: Dodged            ||    41

Table legend:
 A = Non-vault XP
 B = Vault XP
 C = Vault XP percentage of total XP
 D = Non-vault monster count
 E = Vault monster count
 F = Vault count percentage of total count
                 A         B        C        D         E       F
            +---------+---------+-------+---------+---------+-------
      Total |      86 |       5 |   5.5 |      35 |       3 |   7.9
            +---------+---------+-------+---------+---------+-------
        D:1 |      22 |       0 |   0.0 |      12 |       0 |   0.0
        D:2 |      23 |       5 |  17.9 |      13 |       3 |  18.8
        D:3 |      41 |       0 |   0.0 |      10 |       0 |   0.0
            +---------+---------+-------+---------+---------+-------
